 Dungeon Crawl Stone Soup version 0.28-a0-861-ge64d6db94f (webtiles) character file.

Game seed: 11065409385129283172

114347 vurker the Thaumaturge (level 15, -9/129 HPs)
             Began as a Demigod Air Elementalist on Nov 15, 2021.
             Killed by miscasting Orb of Destruction (18 damage)
             ... on level 1 of the Snake Pit.
             The game lasted 00:57:44 (52018 turns).

vurker the Thaumaturge (Demigod Air Elementalist)  Turns: 52018, Time: 00:57:45

Health: -9/129     AC:  9    Str: 12    XL:     15   Next: 68%
Magic:  8/47       EV: 12    Int: 42    God:
Gold:   672        SH:  5    Dex: 14    Spells: 23/43 levels left

rFire   . . .      SeeInvis .   b - staff of air
rCold   + . .      Faith    .   C - +0 buckler
rNeg    . . .      Spirit   .   q - +2 robe {Will+}
rPois   +          Reflect  .   o - +2 helmet
rElec   +          Harm     .   n - scarf {shadows}
rCorr   .          Rampage  .   (no gloves)
Will    ++...                   N - +1 pair of boots {Fly}
Stlth   ++........              O - amulet "Ovumeikh" {rC+ Regen+ Int+2}
HPRegen 1.31/turn               i - ring of Ufioclic {MP+9 Str+3 Int+3}
MPRegen 0.30/turn               G - ring of poison resistance

@: flying, very slightly contaminated, studying Crossbows
A: high mp 1, forlorn
a: no special abilities


You were on level 1 of the Snake Pit.
You visited 4 branches of the dungeon, and saw 24 of its levels.

You collected 2220 gold pieces.
You spent 1548 gold pieces at shops.

Inventory:

Hand Weapons
 a - the +9 rapier of Ravage {vorpal, rF+ Will+ Str+2}
   (You found it on level 12 of the Dungeon)

   It inflicts extra damage upon your enemies.
   Str:       It affects your strength (+2).
   rF:        It protects you from fire.
   Will:      It increases your willpower.
Armour
 h - a +2 robe of cold resistance
   (You took it off Dowan on level 7 of the Dungeon)
 n - a scarf of shadows (worn)
   (You found it on level 6 of the Dungeon)
 o - a +2 helmet (worn)
   (You found it on level 3 of the Dungeon)
 q - a +2 robe of willpower (worn)
   (You took it off Blork the orc on level 6 of the Dungeon)
 C - a +0 buckler (worn)
   (You took it off a tengu conjurer on level 13 of the Dungeon)
 F - +0 acid dragon scales
   (You found it on level 9 of the Dungeon)
 K - a scarf of invisibility
   (You found it on level 1 of the Lair of Beasts)
 N - a +1 pair of boots of flying (worn)
   (You found it on level 7 of the Dungeon)
Magical Staves
 b - a staff of air (weapon)
   (You acquired it on level 3 of the Dungeon)
Jewellery
 c - a +4 ring of protection
   (You found it on level 1 of the Dungeon)
 i - the ring of Ufioclic (left hand) {MP+9 Str+3 Int+3}
   (You found it on level 10 of the Dungeon)

   [ring of magical power]

   Str:       It affects your strength (+3).
   Int:       It affects your intelligence (+3).
   MP:        It affects your magic capacity (+9).
 j - a ring of magical power
   (You found it on level 2 of the Dungeon)
 G - a ring of poison resistance (right hand)
   (You found it on level 10 of the Dungeon)
 H - a ring of wizardry
   (You found it on level 10 of the Dungeon)
 O - the amulet "Ovumeikh" (around neck) {rC+ Regen+ Int+2}
   (You found it on level 6 of the Lair of Beasts)

   [amulet of regeneration]

   Int:       It affects your intelligence (+2).
   rC:        It protects you from cold.
   Regen:     It increases your rate of health regeneration.
Wands
 d - a wand of iceblast (16)
   (You found it on level 5 of the Lair of Beasts)
 t - a wand of flame (66)
   (You took it off a kobold brigand on level 6 of the Dungeon)
 u - a wand of paralysis (21)
   (You found it on level 9 of the Dungeon)
 v - a wand of digging (3)
   (You took it off Erolcha on level 9 of the Dungeon)
 x - a wand of acid (9)
   (You took it off Maurice on level 9 of the Dungeon)
 L - a wand of charming (7)
   (You found it on level 6 of the Lair of Beasts)
 M - a wand of polymorph (25)
   (You found it on level 12 of the Dungeon)
Scrolls
 m - 4 scrolls of summoning
 r - 5 scrolls of amnesia
 y - 4 scrolls of enchant armour
 A - 7 scrolls of teleportation
 D - a scroll of fog
 E - 3 scrolls of magic mapping
 I - 11 scrolls of identify
Potions
 f - 4 potions of haste
 g - 2 potions of brilliance
 k - a potion of cancellation
 l - 9 potions of ambrosia
 p - a potion of resistance
 s - 4 potions of heal wounds
 w - 3 potions of flight
 z - 2 potions of lignification
 J - 2 potions of invisibility
 P - 6 potions of curing


   Skills:
 + Level 11.1 Fighting
 - Level 1.7 Dodging
 - Level 1.7 Stealth
 - Level 4.0 Shields
 * Level 14.5 Spellcasting
 + Level 9.2 Conjurations
 * Level 12.3 Fire Magic
 * Level 12.2 Air Magic


You had 23 spell levels left.
You knew the following spells:

 Your Spells              Type           Power      Damage    Failure   Level
a - Shock                 Conj/Air       100%       1d9       0%          1
b - Orb of Destruction    Conj           41%        9d14      19%         7
c - Airstrike             Air            58%        N/A       1%          4
d - Ignition              Fire           47%        3d13      38%         8

Your spell library contained the following spells:

 Spells                   Type           Power      Damage    Failure   Level
 Scorch                   Fire           100%       2d10      0%          2
 Animate Skeleton         Necr           60%        N/A       1%          1
 Apportation              Tloc           60%        N/A       1%          1
 Beastly Appendage        Tmut           60%        N/A       1%          1
 Magic Dart               Conj           100%       1d8       1%          1
 Pain                     Necr           100%       1d9       1%          1
 Slow                     Hex            100%       N/A       1%          1
 Sting                    Tmut/Pois      100%       1d8       1%          1
 Summon Small Mammal      Summ           100%       N/A       1%          1
 Call Imp                 Summ           30%        N/A       1%          2
 Poisonous Vapours        Pois/Air       100%       N/A       1%          2
 Searing Ray              Conj           100%       2d8       1%          2
 Static Discharge         Conj/Air       100%       N/A       1%          2
 Ignite Poison            Fire/Tmut/Pois 60%        N/A       1%          3
 Mephitic Cloud           Conj/Pois/Air  94%        N/A       1%          3
 Swiftness                Air            100%       N/A       1%          3
 Flame Wave               Conj/Fire      88%        3d15      1%          4
 Fulminant Prism          Conj/Hex       31%        3d16      1%          4
 Summon Lightning Spire   Summ/Air       89%        N/A       1%          4
 Freezing Cloud           Conj/Ice/Air   47%        6-21      1%          5
 Confusing Touch          Hex            30%        N/A       3%          3
 Gell's Gravitas          Tloc           30%        N/A       3%          3
 Summon Guardian Golem    Hex/Summ       30%        N/A       3%          3
 Teleport Other           Tloc           30%        N/A       3%          3
 Vampiric Draining        Necr           30%        2d8       3%          3
 Irradiate                Conj/Tmut      31%        3d24      4%          5
 Animate Dead             Necr           15%        N/A       10%         4
 Olgreb's Toxic Radiance  Pois           30%        N/A       10%         4
 Agony                    Necr           30%        N/A       26%         5
 Alistair's Intoxication  Tmut/Pois      20%        N/A       26%         5
 Blade Hands              Tmut           15%        N/A       26%         5
 Borgnjor's Vile Clutch   Necr/Erth      15%        N/A       26%         5
 Excruciating Wounds      Necr           15%        N/A       26%         5
 Yara's Violent Unravell  Hex/Tmut       15%        3d8       26%         5
 Maxwell's Capacitive Co  Air            58%        ∞         38%         8
 Storm Form               Tmut/Air       44%        N/A       56%         7
 Spellforged Servitor     Conj/Summ      31%        N/A       77%         7
 Dispersal                Tloc           15%        N/A       83%         6
 Eringya's Noxious Bog    Tmut/Pois      15%        N/A       83%         6
 Summon Cactus Giant      Summ           15%        N/A       83%         6
 Dragon Form              Tmut           15%        N/A       100%        7
 Haunt                    Necr/Summ      15%        N/A       100%        7
 Infestation              Necr           15%        N/A       100%        8
 Fire Storm               Conj/Fire      44%        8d11      100%        9


Dungeon Overview and Level Annotations

Branches:
Dungeon (15/15)            Temple (0/1) D:7            Lair (6/6) D:8
  Swamp (0/4) Lair:3        Snake (1/4) Lair:3        Slime (0/5) Lair:6
    Orc (2/2) D:12            Elf (0/3) Orc:2        Vaults (0/5) D:14
 Depths (0/4) D:15

Shops:
D:3 ?   D:4 ?(   D:5 !   D:15 (   Orc:2 ?:[

Annotations:
D:7 2 runed translucent doors, Tribosh's ghost, novice GrCj
D:12 bmj180's ghost, journeyman GrEE; trm's ghost, journeyman OpFE


Innate Abilities, Weirdness & Mutations

Your attributes grow dramatically as you level up.
You have an increased reservoir of magic. (+10% MP)
You shall have no god before yourself.


Message History

You stop ascending the stairs.
The naga warrior constricts you.
The salamander shoots an arrow.
The arrow hits you! The arrow burns you.
Aim: a naga warrior, wielding a +0 hand axe (moderately wounded, constricting you)
The wavering orb of destruction weakly hits the naga warrior!!!
The naga warrior hits you but does no damage.
The naga warrior constricts you.
The salamander shoots an arrow.
The arrow hits you. The arrow burns you.
Aim: a naga warrior, wielding a +0 hand axe (severely wounded, constricting you)
You miscast Orb of Destruction.
You are very lightly contaminated with residual magic.
Strange energies run through your body!!
The naga warrior spits poison at you. The splash of poison hits you.
You resist. The naga warrior constricts you.
The salamander shoots an arrow.
The arrow hits you!
* * * LOW HITPOINT WARNING * * *
The arrow burns you.
* * * LOW HITPOINT WARNING * * *
Aim: a naga warrior, wielding a +0 hand axe (severely wounded, constricting you, catching its breath)
The wavering orb of destruction weakly hits the naga warrior!!
You blow up the naga warrior!
The naga hits you with a +1 short sword of freezing.
* * * LOW HITPOINT WARNING * * *
The naga freezes you.
* * * LOW HITPOINT WARNING * * *
The naga grabs you. The naga constricts you.
* * * LOW HITPOINT WARNING * * *
The salamander shoots an arrow.
The arrow hits you!
* * * LOW HITPOINT WARNING * * *
The arrow burns you.
* * * LOW HITPOINT WARNING * * *
Unknown command.
Unknown command.
You escape the naga's grasp.
The naga hits you with a +1 short sword of freezing!!
* * * LOW HITPOINT WARNING * * *
The naga freezes you.
* * * LOW HITPOINT WARNING * * *
The naga grabs you.
You stop ascending the stairs.
The naga constricts you.
* * * LOW HITPOINT WARNING * * *
Blink to where?
You escape the naga's grasp.
As you read the scroll of blinking, it crumbles to dust.
Aim: a naga, wielding a +1 short sword of freezing and wearing a +0 robe The salamander shoots an arrow.
You block the arrow.
The orb of destruction hits the naga!!!
You blow up the naga!
The salamander shoots an arrow.
You block the arrow.
Aim: a salamander, wielding a +0 shortbow of flaming and quivering arrows You miscast Orb of Destruction.
You are caught in a violent explosion!!
You die...

############ ##
#...(>.....##..
#.@........#..
#######..○°...[....#
...........)<)$..#####.
........)..)..$.........
.......$..).).[..........
......[).....N...........
..........#...[##.....(..
............##...........
........#.#####.)........


You could see a salamander.

Vanquished Creatures
  Rupert (D:14)
  Gastronok (Lair:1)
  A fire giant (D:15)
  Nessos (Orc:2)
  The ghost of bmj180 the Destroyer, a journeyman DrCj of Vehumet (D:11)
  Snorg (D:12)
  An ettin (Orc:2)
  A fire dragon (Lair:6)
  3 boulder beetles
  The ghost of Crownlay the Cleaver, a journeyman HOFi of Okawaru (D:11)
  Erolcha (D:9)
  3 naga warriors
  4 hydras
  6 centaur warriors
  An anaconda (Snake:1)
  A catoblepas (Lair:5)
  14 death yaks
  5 two-headed ogres
  4 orc high priests (Orc:2)
  A shock serpent (Lair:3)
  6 naga sharpshooters (Snake:1)
  Urug (D:14)
  2 naga ritualists
  2 lindwurms (Lair:6)
  Pikel (D:6)
  A wolf spider (Lair:3)
  2 orc knights
  An orc sorcerer (Orc:2)
  3 deep elf pyromancers
  24 ugly things
  5 cyclopes
  An oklob plant (Lair:6)
  2 salamanders
  2 manticores
  10 black mambas
  6 naga magi
  11 elephants
  Maurice (D:9)
  A guardian serpent (shapeshifter) (D:10)
  2 molten gargoyles (Lair:6)
  A gargoyle (D:12)
  Joseph (Lair:1)
  Maggie (Lair:1)
  2 rime drakes
  An unseen horror (D:11)
  9 cane toads
  An efreet (D:15)
  A kobold demonologist (D:11)
  4 tengu conjurers
  10 komodo dragons
  4 polar bears
  A queen bee (D:14)
  3 meliai (D:14)
  A polar bear (shapeshifter) (D:12)
  6 trolls
  35 blink frogs
  A tyrant leech (Lair:3)
  A meliai zombie (D:11)
  4 slime creatures (D:12)
  2 water elementals (D:15)
  3 wraiths
  9 wyverns
  3 basilisks
  A shadow (D:6)
  16 humans (D:14)
  A vampire (D:11)
  54 yaks
  Menkaure (D:7)
  6 steam dragons
  9 vampire mosquitoes
  18 nagas
  A swamp worm (Lair:3)
  3 acid dragons
  2 wargs (Orc:2)
  11 water moccasins
  4 hell hounds (Lair:6)
  Duvessa (D:7)
  24 orc warriors
  2 ice beasts
  6 black bears
  A sky beast (D:6)
  9 ogres
  3 centaurs
  19 wolves
  2 phantoms (D:5)
  3 lemures (D:6)
  Blork the orc (D:6)
  A kobold brigand (D:6)
  13 bullfrogs
  A gnoll sergeant (D:10)
  A scorpion (D:5)
  A wyvern skeleton (D:7)
  Dowan (D:7)
  14 killer bees (D:14)
  2 water moccasin skeletons (D:5)
  5 howler monkeys
  14 wights
  9 electric eels
  10 lava snakes (Lair:6)
  3 centaur zombies
  5 hounds
  25 orc priests
  A bullfrog skeleton (D:6)
  4 centaur skeletons
  5 gnoll shamans (D:8)
  4 iguanas
  24 orc wizards
  A hound zombie (D:5)
  A howler monkey skeleton (D:6)
  17 adders
  19 gnolls
  A shadow imp (D:8)
  2 white imps (D:6)
  An ufetubus (D:5)
  2 worms
  52 orcs
  3 endoplasms
  7 hobgoblins
  4 jackals
  6 kobolds
  6 quokkas
  5 ball pythons
  6 bats
  4 frilled lizards
  8 goblins
  9 rats
735 creatures vanquished.

Vanquished Creatures (collateral kills)
  A necrophage (D:6)
  A bullfrog (D:6)
2 creatures vanquished.

Vanquished Creatures (others)
  80 bushes
  60 fungi
  171 plants
  4 withered plants
315 creatures vanquished.

Grand Total: 1052 creatures vanquished

Notes
Turn   | Place    | Note
-------+----------+-------------------------------------------
     0 | D:1      | vurker the Demigod Air Elementalist began the quest for the
                  | Orb.
     0 | D:1      | Reached XP level 1. HP: 14/14 MP: 5/5
   123 | D:1      | Reached skill level 1 in Conjurations
   203 | D:1      | Reached skill level 2 in Spellcasting
   333 | D:1      | Reached XP level 2. HP: 22/22 MP: 2/7
  1339 | D:2      | Reached XP level 3. HP: 23/27 MP: 9/9
  1757 | D:3      | Found Itog's Magic Scroll Boutique.
  1845 | D:3      | Bought a scroll of identify for 24 gold pieces
  1954 | D:3      | Reached skill level 1 in Fighting
  2028 | D:3      | Reached XP level 4. HP: 35/35 MP: 10/10
  2870 | D:4      | Reached skill level 3 in Spellcasting
  2870 | D:4      | Reached XP level 5. HP: 40/40 MP: 12/12
  3024 | D:3      | Bought a scroll of blinking for 90 gold pieces
  3159 | D:4      | Found Plog's Magic Scroll Emporium.
  3714 | D:4      | Found Jiros Gaha's Antique Weapon Shoppe.
  3896 | D:5      | Entered Level 5 of the Dungeon
  3934 | D:5      | Noticed an ogre
  3957 | D:5      | Learned a level 4 spell: Airstrike
  4059 | D:5      | Found Eseq's Distillery.
  4134 | D:5      | Noticed an ice beast
  4156 | D:5      | Killed an ice beast
  4157 | D:5      | Reached XP level 6. HP: 48/48 MP: 14/14
  4426 | D:5      | Reached skill level 4 in Spellcasting
  4592 | D:5      | Reached XP level 7. HP: 56/56 MP: 16/16
  4603 | D:5      | Reached skill level 5 in Air Magic
  5347 | D:4      | Bought a scroll of teleportation for 36 gold pieces
  5382 | D:6      | Reached skill level 5 in Spellcasting
  5424 | D:6      | Noticed Pikel
  5584 | D:6      | Noticed a two-headed ogre
  5665 | D:6      | Reached XP level 8. HP: 63/63 MP: 19/19
  5935 | D:6      | Killed Pikel
  5936 | D:6      | Reached skill level 6 in Spellcasting
  6237 | D:6      | Noticed Blork the orc
  6372 | D:6      | Killed Blork the orc
  6576 | D:6      | Killed a two-headed ogre
  6577 | D:6      | Reached skill level 5 in Fighting
  6577 | D:6      | Reached skill level 7 in Spellcasting
  6577 | D:6      | Reached XP level 9. HP: 74/74 MP: 7/23
  7346 | D:6      | Noticed a six-headed hydra
  7411 | D:6      | Killed a six-headed hydra
  7881 | D:7      | Found a staircase to the Ecumenical Temple.
  8063 | D:7      | Reached skill level 8 in Spellcasting
  8069 | D:7      | Reached XP level 10. HP: 83/83 MP: 24/26
  8217 | D:7      | Noticed Duvessa
  8218 | D:7      | Noticed Dowan
  8220 | D:7      | Killed Duvessa
  8228 | D:7      | Killed Dowan
  8495 | D:7      | Noticed Menkaure
  8497 | D:7      | Killed Menkaure
  8677 | D:7      | Found a large runed translucent door.
  8677 | D:7      | Found a large runed translucent door.
  9161 | D:7      | Noticed Tribosh's ghost (novice GrCj)
  9822 | D:8      | Found a staircase to the Lair.
  9982 | D:8      | Noticed a cyan ugly thing
 10000 | D:8      | Killed a cyan ugly thing
 10683 | D:8      | Reached skill level 9 in Spellcasting
 10683 | D:8      | Reached skill level 10 in Air Magic
 11435 | D:9      | Noticed Erolcha
 11440 | D:9      | Killed Erolcha
 11602 | D:9      | Noticed a naga mage
 11605 | D:9      | Killed a naga mage
 11719 | D:9      | Noticed a two-headed ogre
 11723 | D:9      | Killed a two-headed ogre
 11914 | D:9      | Reached XP level 11. HP: 91/91 MP: 28/28
 11999 | D:9      | Identified a scroll of acquirement
 12002 | D:9      | Acquired vurker's Grimoire of the Volcanoes
 12054 | D:9      | Learned a level 8 spell: Ignition
 12090 | D:9      | Noticed Maurice
 12096 | D:9      | Killed Maurice
 12270 | D:9      | Reached skill level 1 in Fire Magic
 12776 | D:10     | Entered Level 10 of the Dungeon
 12848 | D:10     | Noticed a two-headed ogre
 12852 | D:10     | Killed a two-headed ogre
 12916 | D:10     | Identified the ring of Ufioclic {MP+9 Str+3 Int+3}
 13040 | D:10     | Identified the +0 robe of the Stars {Rampage Will- MP+9
                  | SInv}
 14038 | D:11     | You are sucked into a shaft and drop 2 floors!
 14043 | D:13     | Noticed a two-headed ogre
 14047 | D:13     | Killed a two-headed ogre
 14516 | D:13     | Noticed a centaur warrior
 14525 | D:13     | Killed a centaur warrior
 14928 | D:13     | Reached skill level 10 in Spellcasting
 15048 | D:12     | Reached skill level 1 in Shields
 15982 | Lair:1   | Entered Level 1 of the Lair of Beasts
 16015 | Lair:1   | Noticed Maggie
 16049 | Lair:1   | Killed Maggie
 16182 | Lair:1   | Noticed Joseph
 16186 | Lair:1   | Killed Joseph
 16346 | Lair:1   | Noticed Gastronok
 16565 | Lair:1   | Killed Gastronok
 17521 | Lair:2   | Reached XP level 12. HP: 101/101 MP: 23/31
 17596 | Lair:2   | Identified the +0 helmet of Charity {Str+3}
 17619 | Lair:2   | Reached skill level 5 in Fire Magic
 18864 | Lair:3   | Reached skill level 5 in Conjurations
 19356 | Lair:3   | Reached skill level 11 in Spellcasting
 19455 | Lair:3   | Noticed a six-headed hydra
 19460 | Lair:3   | Killed a six-headed hydra
 21793 | Lair:3   | Found a staircase to the Snake Pit.
 22036 | Lair:3   | Found a staircase to the Swamp.
 22057 | Lair:3   | Reached XP level 13. HP: 108/108 MP: 30/33
 23703 | Lair:3   | Found a staircase to the Snake Pit.
 24101 | Lair:3   | Found a staircase to the Swamp.
 24539 | Lair:3   | Found a staircase to the Snake Pit.
 25560 | Lair:4   | Reached skill level 12 in Spellcasting
 27675 | Lair:6   | Entered Level 6 of the Lair of Beasts
 27959 | Lair:6   | Found a staircase to the Slime Pits.
 31279 | Lair:6   | Found a large runed translucent door.
 31748 | Lair:6   | Reached XP level 14. HP: 99/119 MP: 32/35
 31924 | Lair:6   | Found a large runed translucent door.
 32977 | Lair:6   | Reached skill level 13 in Spellcasting
 33370 | Lair:6   | Reached skill level 10 in Fire Magic
 33618 | Lair:6   | Reached skill level 10 in Fighting
 35027 | D:12     | Found a runed translucent gate.
 35027 | D:12     | Found a runed translucent gate.
 35028 | D:12     | Found a runed translucent gate.
 35029 | D:12     | Noticed Crownlay's ghost (journeyman HOFi)
 35029 | D:12     | Noticed bmj180's ghost (journeyman GrEE)
 35029 | D:12     | Noticed bmj180's ghost (journeyman DrCj)
 35029 | D:12     | Noticed trm's ghost (journeyman OpFE)
 35058 | D:12     | Noticed Snorg
 35066 | D:12     | Killed Snorg
 36215 | D:12     | Got the Compendium of Feathery Transformation
 36697 | D:12     | Found a staircase to the Orcish Mines.
 37134 | D:11     | Killed bmj180's ghost
 37792 | D:11     | Killed Crownlay's ghost
 37938 | D:12     | Identified the +9 rapier of Ravage {vorpal, rF+ Will+
                  | Str+2}
 38492 | Lair:6   | Identified the amulet "Ovumeikh" {rC+ Regen+ Int+2}
 38897 | Orc:1    | Entered Level 1 of the Orcish Mines
 39501 | Orc:2    | Entered Level 2 of the Orcish Mines
 40092 | Orc:2    | Noticed Nessos
 40116 | Orc:2    | Killed Nessos
 41696 | Orc:2    | Found Niugheat's Magic Scroll Shoppe.
 41697 | Orc:2    | Found Wuops's Antique Armour Emporium.
 41698 | Orc:2    | Found Sesud's Book Emporium.
 41924 | Orc:2    | Found Qebryla's Assorted Antiques.
 42182 | Orc:2    | Found a staircase to the Elven Halls.
 42647 | D:3      | Bought a scroll of blinking for 90 gold pieces
 42647 | D:3      | Bought a scroll of acquirement for 624 gold pieces
 42647 | D:3      | Bought a scroll of fog for 24 gold pieces
 42647 | D:3      | Acquired a staff of air
 42948 | Orc:2    | Bought a book of the Sky for 660 gold pieces
 44361 | D:14     | Noticed Urug
 44617 | D:14     | Killed Urug
 45285 | D:14     | Noticed Rupert
 45449 | D:14     | Found a gate to the Vaults.
 45478 | D:14     | Reached XP level 15. HP: 128/128 MP: 33/38
 45628 | D:13     | Reached skill level 14 in Spellcasting
 46875 | D:14     | Killed Rupert
 47321 | D:15     | Entered Level 15 of the Dungeon
 47472 | D:15     | Found Hicuri Niti's Weapon Shop.
 47845 | D:15     | Found a staircase to the Depths.
 47845 | D:15     | Noticed a fire giant
 47852 | D:15     | Killed a fire giant
 49536 | Snake:1  | Entered Level 1 of the Snake Pit
 51268 | Lair:3   | Learned a level 7 spell: Orb of Destruction
 52013 | Snake:1  | HP: 4/129 [constriction (5)]
 52018 | Snake:1  | Killed by miscasting Orb of Destruction

Illustrated notes

Levels and vault maps discovered:
D:1:      minmay_arrival_wavy_path, layout_rooms,
          hellmonk_ecumenical_altar_crossroads
D:2:      layout_loops_ring
D:3:      layout_loops_cross, kiku_gazebo_garden_becter, serial_shops,
          shop_scrolls
D:4:      layout_basic, serial_shops, shop, kennysheep_mini_moat
D:5:      layout_loops_corners, serial_shops, shop
D:6:      kennysheep_windowed_halls, layout_rooms, uniq_pikel,
          uniq_blork_the_orc
D:7:      layout_basic, minmay_temple_entry_wispy, ebering_ghost_disaster_area,
          uniq_menkaure, uniq_duvessa
D:8:      kennysheep_seaside_town, layout_basic, david_lair_shrubbed
D:9:      layout_long_grid, minmay_librarian, uniq_maurice, uniq_erolcha
D:10:     layout_irregular_city, minmay_variable_closet,
          minmay_misc_feat_enclosed
D:11:     layout_small_grid
D:12:     layout_stronghold, orc_0_dummy, gammafunk_ghost_cemetery, uniq_snorg
D:13:     layout_stronghold, bh_walls_and_bars
D:14:     layout_basic, david_vaults_3, minmay_hedge_maze, amethyst_killhole,
          minivault_7
D:15:     grunt_enter_depths_giant_problem, layout_cave_pools, serial_bayou,
          serial_bayou_lake_a, serial_bayou_pond_c, serial_bayou_crossing,
          serial_bayou_shore_b, serial_shops, nicolae_shop_behind_doors
Lair:1:   layout_gridlike, nicolae_quartered_pool_impasse, serial_bayou_pond_c,
          guppyfry_lair_drakes, lemuel_fruit_tree, uniq_maggie, uniq_joseph,
          uniq_gastronok
Lair:2:   layout_hall_layers, serial_bayou_shore_a
Lair:3:   minmay_lair_venomous_thicket, layout_regular_city,
          minmay_swamp_entry_worms, guppyfry_snake_entry_garden,
          beast_lair_carwin_6
Lair:4:   layout_hall_layers
Lair:5:   layout_misc_corridors, basic_altar, infiniplex_staircase_pool,
          grunt_megastairs_5
Lair:6:   cheibrodos_lair_end_hotspot, layout_misc_corridors, slime_dummy,
          st_stairs_10, nicolae_lair_liquid_snakes
Snake:1:  layout_rooms
Orc:1:    layout_diamond_mine, basic_altar
Orc:2:    st_orc_mages, layout_caves, uniq_nessos

Skill      XL: |  1  2  3  4  5  6  7  8  9 10 11 12 13 14 15 |
---------------+----------------------------------------------+-----
Conjurations   | 1 2 3 4 6 7 8 9 |  9.2
Spellcasting   | 2 3 4 5 7 8 9 10 11 12 13 14 | 14.5
Air Magic      | 3 4 6 7 9 10 11 12 | 12.2
Fighting       | 1 2 3 5 6 7 8 9 10 11 | 11.1
Fire Magic     | 4 7 9 11 12 | 12.3
Shields        | 2 4 |  4.0
Dodging        | |  1.7
Stealth        | |  1.7

Action                   |  1- 3 |  4- 6 |  7- 9 | 10-12 | 13-15 || total
-------------------------+-------+-------+-------+-------+-------++-------
Melee: Dagger            |    12 |       |     2 |    25 |     4 ||    43
       Staff             |       |       |       |       |     2 ||     2
 Cast: Shock             |    96 |   150 |    33 |    22 |    56 ||   357
       Airstrike         |       |       |   100 |   495 |  1208 ||  1803
       Orb of Destructio |       |       |       |       |    22 ||    22
Evoke: Wand              |       |       |       |     4 |    20 ||    24
  Use: Scroll            |     2 |     2 |    13 |     8 |    13 ||    38
       Potion            |       |       |       |     2 |       ||     2
Armor: Robe              |     8 |    17 |    10 |    48 |   132 ||   215
Dodge: Dodged            |    12 |    46 |    22 |    78 |   252 ||   410
Block: Buckler           |       |       |       |    28 |   100 ||   128

Table legend: (Time is in decaauts)
 A = Elapsed time spent in this place.
 B = Non-inter-level travel time spent in this place.
 C = Inter-level travel time spent in this place.
 D = Time resting spent in this place.
 E = Time spent auto-exploring this place.
 F = Levels seen in this place.
 G = Mean time per level.
                   A        B        C        D        E       F      G
               +--------+--------+--------+--------+--------+-----+--------+
         Total |  52099 |  48886 |   3213 |   6072 |  35759 |  24 | 2170.8 |
       Dungeon |  26462 |  24770 |   1692 |   1447 |  20009 |  15 | 1764.1 |
          Lair |  21393 |  20113 |   1280 |   3968 |  13134 |   6 | 3565.5 |
     Snake Pit |    591 |    591 |      0 |      0 |    323 |   1 |  591.0 |
  Orcish Mines |   3651 |   3410 |    241 |    657 |   2293 |   2 | 1825.5 |
               +--------+--------+--------+--------+--------+-----+--------+

Top non-repeatable levels by time:
  Lair:3: 6720 daAuts
  Lair:6: 5781 daAuts
    D:14: 3058 daAuts
  Lair:2: 2864 daAuts
  Lair:5: 2814 daAuts
    D:12: 2449 daAuts
    D:13: 2302 daAuts
     D:6: 2270 daAuts
    D:11: 2148 daAuts
     D:8: 2093 daAuts
   Orc:2: 1962 daAuts
    D:15: 1877 daAuts
  Lair:1: 1725 daAuts
     D:5: 1715 daAuts
     D:7: 1713 daAuts
